 Dungeon Crawl Stone Soup version bcrawl-1.21.2-20-g6d45ba5942 (webtiles) character file.

Game seed: 14766201770564693645

18477 Revguard the Brawler (level 12, -7/111 HPs)
             Began as a Troll Martial Artist on Feb 26, 2020.
             Was a High Priest of Wu Jian.
             Mangled by a vault guard
             ... wielding a +0 great sword
              (41 damage)
             ... on level 11 of the Dungeon.
             The game lasted 00:34:49 (7967 turns).

Revguard the Brawler (Troll Martial Artist)         Turns: 7967, Time: 00:34:49

Health: -7/111     AC: 11    Str: 23    XL:     12   Next: 28%
Magic:  12/12      EV: 14    Int:  6    God:    Wu Jian [*****.]
Gold:   659        SH:  0    Dex: 16    Spells: 13/13 levels left

rFire    . . .     SeeInvis .     - Unarmed
rCold    . . .     Gourm    +   (no shield)
rNeg     . . .     Faith    +   (armour unavailable)
rPois    .         Spirit   .   (helmet restricted)
rElec    .         Reflect  .   u - +1 cloak
rCorr    .         Harm     .   (gloves unavailable)
MR       .....                  (boots unavailable)
Stlth    +.........             H - amulet of faith
HPRegen  1.08/turn              (no ring)
MPRegen  0.13/turn              (no ring)

@: glowing, heavenly storm
A: large, almost no armour, unfitting armour, claws 3, hooves 1, fast metabolism
3, gourmand, sense surroundings 1, regeneration 2, wild magic 1, AC +9
a: Wall Jump, Serpent's Lash, Heavenly Storm, Renounce Religion


You were on level 11 of the Dungeon.
You worshipped Wu Jian.
Wu Jian was extremely pleased with you.
You were very full.

You visited 1 branch of the dungeon, and saw 11 of its levels.

You collected 776 gold pieces.
You spent 117 gold pieces at shops.

Inventory:

Hand Weapons
 E - a +2 scimitar of flaming
 J - a +2 blowgun
Missiles
 l - 140 large rocks (quivered)
 w - 87 needles of confusion
 y - 315 poisoned needles
Armour
 u - a +1 cloak (worn)
Jewellery
 b - a cursed ring of attention {unknown}
 B - an uncursed ring of ice
 D - an uncursed ring of wizardry
 H - an amulet of faith (around neck)
Wands
 p - a wand of disintegration (31)
 t - a wand of flame (11)
 x - a wand of polymorph (31)
 F - a wand of acid (2)
 K - a wand of iceblast (21)
Scrolls
 f - 2 scrolls of magic mapping
 i - 3 scrolls of amnesia
 k - 3 scrolls of fear
 m - 5 scrolls of teleportation
 n - a scroll of noise
 q - 3 scrolls of blinking
 v - a scroll of silence
 z - 4 scrolls of remove curse
 C - a scroll of fog
 I - a scroll of immolation
Potions
 a - 4 potions of agility
 c - 4 potions of ambrosia
 d - a potion of resistance
 g - a potion of haste
 h - 3 potions of curing
 j - a potion of invisibility
 o - 2 potions of lignification
 r - 3 potions of brilliance
 s - 3 potions of might
 A - a potion of flight
 G - a potion of heal wounds
Comestibles
 e - 22 rations {!d}


   Skills:
 + Level 5.4 Fighting
 + Level 3.0 Long Blades
 + Level 3.5 Throwing
 + Level 7.0 Dodging
 - Level 0.4 Stealth
 + Level 16.4 Unarmed Combat
 - Level 1.0 Spellcasting
   Level 1.0 Hexes
 + Level 0.2 Evocations


You had 13 spell levels left.
You didn't know any spells.
Your spell library contained the following spells:

 Spells                   Type           Power        Failure   Level  Hunger
 Corona                   Hex            #......      38%         1    ##.....
 Magic Dart               Conj           #...         50%         1    ##.....
 Ensorcelled Hibernation  Hex/Ice        #.....       58%         2    ###....
 Blink                    Tloc           N/A          65%         2    ###....
 Call Imp                 Summ           #.....       65%         2    ###....
 Searing Ray              Conj           #.......     65%         2    ###....
 Confuse                  Hex            #.......     73%         3    ####...
 Tukima's Dance           Hex            #.......     73%         3    ####...
 Dazzling Spray           Conj/Hex       #.....       80%         3    ####...
 Conjure Flame            Conj/Fire      #.......     86%         3    ####...
 Iskenderun's Mystic Bla  Conj           #.......     86%         3    ####...
 Mephitic Cloud           Conj/Pois/Air  #.......     86%         3    ####...
 Spider Form              Tmut/Pois      #..          86%         3    ####...
 Fulminant Prism          Conj/Hex       #.........   99%         4    #####..
 Irradiate                Conj/Tmut      #.........   100%        5    ######.


Dungeon Overview and Level Annotations

Branches:
Dungeon (11/12)            Temple (0/1) D:7            Lair (0/6) D:7
    Orc (0/1) D:8          Vaults (0/3) D:11

Altars:
Ashenzari
Nemelex Xobeh
Okawaru
Sif Muna
Vehumet
Xom
The Shining One

Shops:
D:4 *


Innate Abilities, Weirdness & Mutations

You cannot wear most types of armour.
Your thick skin is tough. (AC +9)
You are too large for most types of armour.
You have claws for hands.
Your metabolism is lightning-fast.
You like to eat raw meat.
You heal very quickly.
You have large cloven feet.
You passively map a small area around you.
Your spells are a little harder to cast, but a little more powerful.


Message History

The vault guard hits you with a +0 great sword! x2
* * * LOW HITPOINT WARNING * * *
Items here: ) [[ † +0 acid dragon scales; a +0 great mace; a +0 plate armour an acid dragon corpse You spin and attack the vault guard repeatedly.
You scratch the vault guard.
The vault guard is lightly wounded.
You closely miss the vault guard. You kick the vault guard.
You claw the vault guard.
The vault guard is moderately wounded.
Things that are here:
a +2 long sword; a +0 plate armour Wield which item (- for none, * to show all)? (? for menu, Esc to quit)
Okay, then.
The air is filled with shimmering golden clouds!
Sifu Ma Yunglu says: The storm will not cease as long as you keep fighting, disciple!
The vault guard barely misses you.
The vault guard hits you with a +0 great sword!!!
You die...

.#.....#######..#.. , ,
.#.....# #..#.#* *
##.....# #..#.# ,
.......# #..#.# .......#
#.##.# *
.......#######.#..# * ##
* *
...............'.§###o..#
,
..............§##pp.ppo..
,*
##....########§☼@p###...#
, #....# , #§§§§# * ## ,
....+ , #§☼§§# , * ,,
#....# * #....# #....# *
#....., , ,, #..... * , ,
#...... , *


You could see 3 vault guards.

Vanquished Creatures
  A hydra (D:10)
  2 vault guards (D:11)
  Psyche (D:8)
  3 death yaks (D:7)
  5 skeletal warriors (D:10)
  A cyclops (D:10)
  An orc knight (D:9)
  Pikel (D:4)
  A deep elf mage (D:10)
  A centaur zombie (D:9)
  An efreet (D:7)
  2 trolls (D:10)
  A hippogriff (D:10)
  A dream sheep (shapeshifter) (D:10)
  Sigmund (D:3)
  A spriggan (D:8)
  8 yaks
  3 hungry ghosts
  A steam dragon (D:9)
  2 crocodiles
  3 acid dragons
  2 water moccasins
  A slave (D:4)
  Duvessa (D:7)
  9 orc warriors
  A porcupine (D:7)
  3 sky beasts
  3 ice beasts
  2 eyes of draining
  A black bear (D:10)
  2 phantoms
  6 ogres
  5 centaurs
  2 big kobolds
  3 bullfrogs
  A gnoll sergeant (D:7)
  2 scorpions
  8 wights
  A howler monkey (D:5)
  3 crimson imps
  A quasit (D:5)
  3 hounds
  6 orc priests
  2 bullfrog skeletons
  A jelly (D:10)
  Crazy Yiuf (D:3)
  3 centaur skeletons
  4 orc wizards
  A gnoll shaman (D:4)
  Ijyb (D:4)
  Natasha (thrice) (D:4)
  6 worker ants
  A hell rat (D:7)
  A killer bee zombie (D:7)
  3 gnolls (D:7)
  12 adders
  3 shadow imps
  An ooze (D:2)
  A worm (D:5)
  2 dart slugs
  4 leopard geckos
  42 orcs
  3 bats
  A giant cockroach (D:1)
  5 goblins
  3 hobgoblins
  4 jackals
  5 quokkas
  4 frilled lizards
  18 kobolds
  9 rats
251 creatures vanquished.

Notes
Turn   | Place    | Note
-------+----------+-------------------------------------------
     0 | D:1      | Revguard the Troll Martial Artist began the quest for the
                  | Orb.
     0 | D:1      | Reached XP level 1. HP: 22/22 MP: 1/1
   132 | D:1      | Reached XP level 2. HP: 25/29 MP: 2/2
   304 | D:1      | Reached ** piety under Wu Jian
   489 | D:2      | Reached XP level 3. HP: 36/36 MP: 3/3
   850 | D:2      | Reached skill level 5 in Unarmed Combat
  1211 | D:3      | Found a radiant altar of Vehumet.
  1374 | D:3      | Gained mutation: Your natural rate of healing is unusually
                  | fast. [Troll growth]
  1374 | D:3      | Reached XP level 4. HP: 44/44 MP: 4/4
  1618 | D:3      | Noticed Sigmund
  1623 | D:3      | Killed Sigmund
  1623 | D:3      | Reached skill level 6 in Unarmed Combat
  1623 | D:3      | Reached XP level 5. HP: 29/52 MP: 5/5
  1762 | D:3      | Found a shattered altar of Ashenzari.
  1835 | D:3      | Found a runed door.
  1999 | D:3      | Noticed Crazy Yiuf
  2001 | D:3      | Killed Crazy Yiuf
  2001 | D:3      | Reached XP level 6. HP: 59/59 MP: 6/6
  2086 | D:4      | Reached skill level 7 in Unarmed Combat
  2136 | D:4      | Noticed a sky beast
  2151 | D:4      | Killed a sky beast
  2206 | D:4      | Noticed Natasha
  2211 | D:4      | Reached XP level 7. HP: 67/67 MP: 7/7
  2214 | D:4      | Killed Natasha
  2305 | D:4      | Noticed Ijyb
  2326 | D:4      | Killed Ijyb
  2441 | D:4      | Found Uxufaetu's General Store.
  2460 | D:4      | Bought a ration for 65 gold pieces
  2460 | D:4      | Bought a scroll of remove curse for 39 gold pieces
  2460 | D:4      | Bought a potion of degeneration for 13 gold pieces
  2655 | D:4      | Reached skill level 8 in Unarmed Combat
  2658 | D:4      | Noticed Natasha
  2663 | D:4      | Killed Natasha
  2807 | D:4      | Noticed Pikel
  2820 | D:4      | Killed Pikel
  2820 | D:4      | Reached skill level 9 in Unarmed Combat
  2820 | D:4      | Reached XP level 8. HP: 75/75 MP: 8/8
  2848 | D:4      | Noticed Natasha
  2855 | D:4      | Killed Natasha
  2879 | D:5      | Entered Level 5 of the Dungeon
  3022 | D:5      | Reached *** piety under Wu Jian
  3327 | D:5      | Reached skill level 1 in Throwing
  3327 | D:5      | Reached skill level 10 in Unarmed Combat
  3695 | D:6      | Reached XP level 9. HP: 74/84 MP: 9/9
  3731 | D:6      | Reached skill level 11 in Unarmed Combat
  3793 | D:6      | Found an iron altar of Okawaru.
  4270 | D:6      | Found an iron altar of Okawaru.
  4360 | D:6      | Reached skill level 5 in Dodging
  4451 | D:7      | Noticed an efreet
  4458 | D:7      | Killed an efreet
  4458 | D:7      | Reached skill level 12 in Unarmed Combat
  4488 | D:7      | Noticed a death yak
  4488 | D:7      | Noticed a death yak
  4488 | D:7      | Noticed a death yak
  4633 | D:7      | Gained mutation: You passively map a small area around you.
                  | [potion of mutation]
  4633 | D:7      | Gained mutation: Your spells are a little harder to cast,
                  | but a little more powerful. [potion of mutation]
  4633 | D:7      | Gained mutation: You have large cloven feet. [potion of
                  | mutation]
  4743 | D:7      | Reached **** piety under Wu Jian
  4817 | D:7      | Killed a death yak
  4817 | D:7      | Reached XP level 10. HP: 58/92 MP: 10/10
  4827 | D:7      | Killed a death yak
  4827 | D:7      | Reached skill level 13 in Unarmed Combat
  4831 | D:7      | Killed a death yak
  4925 | D:7      | Found a staircase to the Lair.
  5005 | D:7      | Noticed Duvessa
  5009 | D:7      | Killed Duvessa
  5065 | D:7      | Found a staircase to the Ecumenical Temple.
  5274 | D:8      | Found a shimmering altar of Xom.
  5276 | D:8      | Found a sparkling altar of Nemelex Xobeh.
  5409 | D:8      | Found a shimmering blue altar of Sif Muna.
  5411 | D:8      | Found a glowing golden altar of the Shining One.
  5598 | D:8      | Noticed Psyche
  5602 | D:8      | Killed Psyche
  5602 | D:8      | Reached skill level 14 in Unarmed Combat
  5812 | D:8      | Reached ***** piety under Wu Jian
  5828 | D:8      | Reached XP level 11. HP: 80/100 MP: 11/11
  5872 | D:8      | Found a staircase to the Orcish Mines.
  6198 | D:9      | Got a polished dagger
  6565 | D:9      | Noticed an orc knight
  6642 | D:9      | Killed an orc knight
  6642 | D:9      | Reached skill level 15 in Unarmed Combat
  6925 | D:10     | Entered Level 10 of the Dungeon
  6929 | D:10     | Noticed an eight-headed hydra
  6946 | D:10     | HP: 1/101 [four-headed hydra (10)]
  6950 | D:10     | Killed a four-headed hydra
  7120 | D:10     | Reached skill level 1 in Long Blades
  7127 | D:10     | Noticed a skeletal warrior
  7128 | D:10     | Noticed a skeletal warrior
  7129 | D:10     | Noticed a skeletal warrior
  7141 | D:10     | Killed a skeletal warrior
  7141 | D:10     | Noticed a skeletal warrior
  7147 | D:10     | Killed a skeletal warrior
  7148 | D:10     | Killed a skeletal warrior
  7148 | D:10     | Reached skill level 5 in Fighting
  7148 | D:10     | Noticed a skeletal warrior
  7150 | D:10     | Killed a skeletal warrior
  7152 | D:10     | Killed a skeletal warrior
  7241 | D:10     | Noticed a cyclops
  7250 | D:10     | Killed a cyclops
  7262 | D:10     | Gained mutation: You heal very quickly. [Troll growth]
  7262 | D:10     | Reached XP level 12. HP: 44/111 MP: 12/12
  7307 | D:10     | Reached skill level 16 in Unarmed Combat
  7951 | D:11     | Noticed a vault guard
  7951 | D:11     | Noticed a vault guard
  7952 | D:11     | Found a gate to the Vaults.
  7952 | D:11     | Noticed a vault guard
  7952 | D:11     | Noticed a vault guard
  7953 | D:11     | Noticed a vault guard
  7953 | D:11     | Noticed a vault guard
  7954 | D:11     | Noticed a vault guard
  7956 | D:11     | Noticed a vault guard
  7963 | D:11     | Killed a vault guard
  7963 | D:11     | Killed a vault guard
  7964 | D:11     | Reached ****** piety under Wu Jian
  7967 | D:11     | Mangled by a vault guard

Skill      XL: |  1  2  3  4  5  6  7  8  9 10 11 12 |
---------------+-------------------------------------+-----
Unarmed Combat | 5 6 7 9 10 12 14 15 16 | 16.4
Dodging        | 3 4 5 6 7 |  7.0
Fighting       | 3 4 5 |  5.4
Throwing       | 1 3 |  3.5
Long Blades    | 2 3 |  3.0
Stealth        | |  0.4
Spellcasting   | |  1.0
Hexes          | |  1.0
Evocations     | |  0.2

Action                   |  1- 3 |  4- 6 |  7- 9 | 10-12 || total
-------------------------+-------+-------+-------+-------++-------
Melee: Unarmed           |    85 |    72 |   232 |   299 ||   688
       Punch             |     1 |     1 |    11 |    24 ||    37
       Kick              |       |       |     5 |    93 ||    98
       Scimitar          |       |       |       |     9 ||     9
 Fire: Blowgun           |       |       |       |     5 ||     5
Throw: Large rock        |       |       |    11 |     6 ||    17
Invok: Whirlwind         |    54 |    18 |    88 |   154 ||   314
       Lunge             |    14 |     7 |    21 |    36 ||    78
       Heavenly Storm    |       |       |       |     2 ||     2
 Abil: Wall Jump         |     1 |     2 |     4 |     3 ||    10
       Serpent's Lash    |       |     1 |       |     3 ||     4
Evoke: Wand              |       |       |     1 |       ||     1
  Use: Potion            |     4 |       |     3 |     4 ||    11
       Scroll            |     3 |       |    12 |     6 ||    21
 Stab: Sleeping          |     3 |     1 |     3 |       ||     7
       Distracted        |       |       |     1 |       ||     1
       Invisible         |       |       |       |     3 ||     3
  Eat: Chunk             |    12 |     7 |    15 |    28 ||    62
       Ration            |       |       |     1 |       ||     1
Armor: Skin              |    15 |    14 |    51 |    62 ||   142
Dodge: Dodged            |    38 |    29 |    79 |   122 ||   268
